 Dungeon Crawl Stone Soup version 0.30.1-9-gdf580d7c3d (webtiles) character file.

Game seed: 3262543484225689285

4634 Wiggles the Cleaver (level 10, -1/84 (91) HPs)
             Began as a Minotaur Berserker on Oct 9, 2023.
             Was a High Priest of Trog.
             Slain by a wight
             ... wielding a +2 spear
              (7 damage)
             ... on level 8 of the Dungeon.
             The game lasted 00:11:54 (6022 turns).

Wiggles the Cleaver (Minotaur Berserker)            Turns: 6022, Time: 00:11:56

HP:   -1/84 (91)    AC:  0    Str: 26    XL:     10   Next: 20%
MP:   0/9           EV: 21    Int:  4    God:    Trog [*****.]
Gold: 1230          SH:  0    Dex: 15    Spells: 9/9 levels left

rFire   . . .        w - melded +0 broad axe
rCold   . . .        (shield currently unavailable)
rNeg    . . .        D - melded +1 plate armour {rN+}
rPois   .            o - melded +1 hat
rElec   .            A - melded +2 cloak
rCorr   .            (gloves currently unavailable)
SInv    .            y - melded +1 pair of boots {Fly}
Will    .....        n - amulet of guardian spirit
Stlth   +            (ring currently unavailable)
HPRegen 0.34/turn    (ring currently unavailable)
MPRegen 0.11/turn

%: guardian spirit
@: bat-form (expiring), on berserk cooldown, flying, slowed, drained, quick
A: fast, flying, no casting, tiny, (horns 2), (retaliatory headbutt)
a: Renounce Religion, Berserk, Trog's Hand, Brothers in Arms


You were on level 8 of the Dungeon.
You worshipped Trog.
Trog was extremely pleased with you.
You were a bat.
You visited 1 branch of the dungeon, and saw 8 of its levels.
You also visited: Bailey.

You collected 1230 gold pieces.

Inventory:

Hand Weapons
 w - a +0 broad axe (melded)
Armour
 o - a +1 hat (melded)
 p - a scarf of repulsion
 y - a +1 pair of boots of flying (melded)
 A - a +2 cloak (melded)
 D - a +1 plate armour of positive energy (melded)
Jewellery
 n - an amulet of guardian spirit (around neck)
 t - a ring of ice
Wands
 m - a wand of mindburst (10)
 v - a wand of flame (20)
Scrolls
 c - 2 scrolls of fog
 e - 4 scrolls of teleportation
 h - 2 scrolls of magic mapping
 i - a scroll of blinking
Potions
 a - a potion of brilliance {unknown}
 b - a potion of resistance {unknown}
 d - 2 potions of berserk rage
 f - a potion of heal wounds
 g - 2 potions of ambrosia
 j - 2 potions of attraction
 k - 4 potions of haste
 l - 2 potions of cancellation
 q - 2 potions of curing
 u - a potion of lignification {unknown}
 x - 2 potions of mutation {unknown}
 z - a potion of magic {unknown}
 B - a potion of might {unknown}
 C - 4 potions of flight
Miscellaneous
 r - a condenser vane


   Skills:
 + Level 9.0 Fighting
 + Level 12.7 Axes
 + Level 9.4 Armour
 + Level 4.4 Dodging
 + Level 0.3 Stealth
 + Level 0.1 Unarmed Combat


You had 9 spell levels left.
You didn't know any spells.
Your spell library was empty.

Dungeon Overview and Level Annotations

Branches:
Dungeon (8/15)             Temple (0/1) D:5          Bailey (visited)
   Lair: D:8-11

Altars:
Cheibriados
Elyvilon
Nemelex Xobeh
Qazlal
Ru
Sif Muna
Trog
Uskayaw
Yredelemnul
Zin


Innate Abilities, Weirdness & Mutations

You are a bat.
You are tiny and dextrous.
You move quickly.
You are flying.
Your equipment is almost entirely melded.
You are incapable of wielding weapons or throwing items.
You cannot cast spells.
((You have a pair of horns on your head.))
((You reflexively headbutt those who attack you in melee.))


Message History

The wight is moderately damaged.
The wight completely misses you. The wight barely misses you.
You barely miss the wight.
The wight is moderately damaged.
The wight hits you with a +0 scimitar.
* * * LOW HITPOINT WARNING * * *
The wight barely misses you.
You hit the wight.
The wight is heavily damaged.
You hit the wight but do no damage.
The wight is heavily damaged.
The wight completely misses you. The wight closely misses you.
You hit the wight but do no damage.
The wight is heavily damaged.
You hit the wight.
The wight is almost destroyed.
The wight misses you. x2
You hit the wight.
You destroy the wight!
Trog accepts your kill.
Your Fighting skill increases to level 9!
You are no longer berserk.
You are exhausted.
You feel yourself slow down.
Items here: )) [ †.
You hit the wight but do no damage. The wight hits you with a +2 spear.
* * * LOW HITPOINT WARNING * * *
The wight closely misses you.
You hit the wight but do no damage. The wight completely misses you.
You barely miss the wight. The wight closely misses you.
You barely miss the wight. The wight misses you. The wight closely misses you.
You hit the wight but do no damage. The wight barely misses you.
You hit the wight but do no damage. The wight hits you with a +2 spear!
* * * LOW HITPOINT WARNING * * *
You feel drained.
* * * LOW HITPOINT WARNING * * *
You hit the wight but do no damage.
Your transformation is almost over.
The wight hits you with a +2 spear!
You die...

........... .#
...<....... ..#
..........###...
#...........#.....
..................#
.......#.#.......## ..
.....#...#z......#
..........#.)b..###.
..... #....##))#......
.......##.....#........#
..................#...##
..........#........§..#
...............#.#§#..#
...........##....#§# .#
...........##.####§# .
...............#


You could see a wight.

Vanquished Creatures
  An orc knight (Bailey)
  Pikel (D:6)
  Psyche (D:8)
  A vampire (D:6)
  7 orc warriors
  An ice beast (D:7)
  4 ogres
  A black bear (D:6)
  3 sky beasts
  4 lemures (D:6)
  3 bullfrogs
  2 kobold brigands
  2 gnoll sergeants
  A scorpion (D:5)
  3 wights (D:8)
  4 killer bees (D:8)
  A jelly (D:6)
  An iron imp (D:5)
  2 orc priests
  3 hounds
  Crazy Yiuf (D:5)
  A gnoll bouda (D:4)
  3 iguanas
  11 orc wizards
  19 gnolls
  12 adders
  A white imp (D:5)
  An ufetubus (D:4)
  2 worms
  9 dart slugs
  27 orcs
  10 ball pythons
  9 bats
  4 endoplasms
  7 goblins
  11 hobgoblins
  5 jackals (D:4)
  27 kobolds
  A quokka (D:1)
  7 frilled lizards
  8 rats
  A spectral orc (D:7)
223 creatures vanquished.

Notes
Turn   | Place    | Note
-------+----------+-------------------------------------------
     0 | D:1      | Wiggles the Minotaur Berserker began the quest for the Orb.
     0 | D:1      | Reached XP level 1. HP: 19/19 MP: 0/0
    44 | D:1      | Reached skill level 4 in Axes
    47 | D:1      | Reached XP level 2. HP: 24/27 MP: 1/1
   313 | D:1      | Reached XP level 3. HP: 31/33 MP: 2/2
   402 | D:1      | Reached ** piety under Trog
   578 | D:2      | Reached XP level 4. HP: 41/41 MP: 3/3
   898 | D:2      | Reached skill level 5 in Fighting
  1136 | D:2      | Reached skill level 5 in Axes
  1244 | D:3      | Reached XP level 5. HP: 44/48 MP: 4/4
  1384 | D:3      | Found a stormy altar of Qazlal.
  1559 | D:3      | Found a sparkling altar of Nemelex Xobeh.
  1561 | D:3      | Found a sacrificial altar of Ru.
  1562 | D:3      | Found a hide-covered altar of Uskayaw.
  1633 | D:3      | Found a faded altar of an unknown god.
  1768 | D:4      | Reached XP level 6. HP: 29/56 MP: 2/5
  1802 | D:4      | Reached *** piety under Trog
  1924 | D:4      | Reached skill level 6 in Axes
  2298 | D:5      | Entered Level 5 of the Dungeon
  2340 | D:5      | Found a staircase to the Ecumenical Temple.
  2380 | D:5      | Reached XP level 7. HP: 58/62 MP: 4/6
  2439 | D:5      | Reached skill level 7 in Axes
  2576 | D:5      | Found a runed translucent door.
  2577 | D:5      | Noticed Crazy Yiuf
  2586 | D:5      | Killed Crazy Yiuf
  2641 | D:5      | Reached skill level 5 in Armour
  3015 | D:5      | Found a shimmering blue altar of Sif Muna.
  3069 | D:5      | Found a snail-covered altar of Cheibriados.
  3419 | D:6      | Found a glowing silver altar of Zin.
  3428 | D:6      | Reached XP level 8. HP: 67/71 MP: 7/7
  3439 | D:6      | Reached **** piety under Trog
  3440 | D:6      | Reached skill level 8 in Axes
  3509 | D:6      | HP: 1/71 [something (5)]
  3688 | D:6      | Found a white marble altar of Elyvilon.
  3691 | D:6      | Noticed Pikel
  3718 | D:6      | Killed Pikel
  3719 | D:6      | Reached skill level 9 in Axes
  4117 | D:6      | Reached skill level 10 in Axes
  4117 | D:6      | Reached XP level 9. HP: 40/79 MP: 0/8
  4735 | D:7      | Found a flagged portal.
  4744 | Bailey   | Entered a bailey
  4752 | Bailey   | Noticed an orc knight
  4880 | Bailey   | Killed an orc knight
  4881 | Bailey   | Reached skill level 11 in Axes
  4959 | Bailey   | Identified the +5 sling of Malaise {drain, Fly Int+2}
  5528 | D:7      | Reached skill level 12 in Axes
  5530 | D:7      | Reached ***** piety under Trog
  5680 | D:7      | Found a basalt altar of Yredelemnul.
  5722 | D:7      | Found a bloodstained altar of Trog.
  5848 | D:8      | Reached XP level 10. HP: 79/90 MP: 5/9
  5979 | D:8      | Noticed Psyche
  5993 | D:8      | Killed Psyche
  6022 | D:8      | Slain by a wight

Illustrated notes

Levels and vault maps discovered:
D:1:      matt_arrival_diagonals, layout_rooms, corexii_item_surrounded_by_moat
D:2:      layout_basic, amcnicky_mini_pool_small, minmay_diced_spiral
D:3:      layout_rooms, nicolae_qazlal_general_emergency,
          grunt_temple_overflow_open, ebering_ecumenical_altar_mist
D:4:      layout_rooms
D:5:      layout_basic, slow_altar_1, led_sif_pool, minmay_temple_entry_grid,
          uniq_crazy_yiuf_cottage
D:6:      layout_basic, lemuel_tele_altar, elyvilon_altar_3, uniq_pikel
D:7:      layout_cave_pools, trog_book, yredelemnul_forgotten_temple_becter,
          enter_bailey_3
D:8:      layout_layer_cave, nzn_hepliaklqana_mist_gate, uniq_psyche

Skill      XL: |  1  2  3  4  5  6  7  8  9 10 |
---------------+-------------------------------+-----
Axes           | 4 5 6 7 10 12 | 12.7
Fighting       | 4 5 6 7 8 9 |  9.0
Dodging        | 3 4 |  4.4
Armour         | 3 4 5 7 9 |  9.4
Stealth        | |  0.3
Unarmed Combat | |  0.1

Action                     |  1- 3 |  4- 6 |  7- 9 | 10-12 || total
---------------------------+-------+-------+-------+-------++-------
  Melee: Hand axe          |    76 |   148 |    11 |       ||   235
         Headbutt          |     9 |    16 |    31 |     1 ||    57
         Punch             |       |     2 |     5 |       ||     7
         War axe           |       |       |   193 |       ||   193
         Broad axe         |       |       |    79 |    23 ||   102
         Unarmed           |       |       |       |    31 ||    31
 Invoke: Berserk           |     1 |       |     5 |     1 ||     7
    Use: Potion            |       |       |     4 |       ||     4
         Scroll            |       |       |    11 |       ||    11
 Armour: Animal skin       |    17 |       |       |       ||    17
         Chain mail        |       |    23 |       |       ||    23
         Plate armour      |       |    49 |   297 |    29 ||   375
  Dodge: Dodged            |    69 |    68 |   151 |    57 ||   345
